Map: Protocollo centrale

Players

Mørtebianca

  • Race: Zerg Zerg
  • League: Diamond

FPlectroWeak

  • Race: Zerg Zerg
  • League: Gold

Jhyrachy

  • Race: Terran Terran
  • League: Bronze

joonTerror

  • Race: Terran Terran
  • League: Diamond

VOD

Have the link to the VOD?

Description

Time

  • Played on: Dec. 2, 2015, 5:50 p.m.
  • Length: 13:33
Show
View Real Time Build Order
Export as new Build Order

Mørtebianca Zerg 

Build Orders: Hatch First 

Get SALT Encoding   

  12  0:02  Drone  
  13  0:08  Drone  
  14  0:16  Overlord  
  14  0:35  Drone  
  15  0:36  Drone x2  
  17  0:54  Hatchery  
  16  0:57  Drone  
  17  1:08  Drone x2  
  19  1:23  Spawning Pool  
  18  1:38  Hatchery  
  17  1:58  Hatchery  
  16  2:02  Drone  
  16  2:03  Extractor  
  16  2:10  Queen  
  18  2:15  Drone  
  18  2:18  Drone  
  18  2:21  Drone  
  21  2:25  Drone  
  21  2:29  Drone  
  23  2:31  Drone  
  23  2:35  Drone  
  25  2:38  Drone  
  25  2:41  Drone  
  27  2:48  Overlord  
  27  2:56  Queen  
  29  3:02  Zergling x4  
  31  3:10  Evolution Chamber  
  31  3:12  Metabolic Boost  
  30  3:14  Drone  
  30  3:16  Drone  
  30  3:19  Extractor, Drone  
  32  3:20  Drone  
  32  3:23  Drone  
  34  3:27  Drone  
  34  3:29  Drone  
  36  3:45  Drone x6  
  42  3:53  Queen  
  44  3:56  Drone x2  
  44  4:02  Drone x2  
  48  4:06  Overlord  
  48  4:18  Zerg Melee Weapons Level 1  
  48  4:23  Overlord, Evolution Chamber  
  47  4:26  Spore Crawler  
  47  4:27  Spore Crawler  
  47  4:30  Spore Crawler  
  47  4:31  Zergling x10  
  46  4:33  Zergling x2  
  46  4:38  Zergling x4  
  50  4:39  Zergling x2  
  51  4:49  Zerg Ground Armor Level 1  
  50  5:08  Lair  
  50  5:12  Roach Warren  
  49  5:16  Drone x4  
  49  5:17  Spine Crawler  
  49  5:18  Drone  
  49  5:19  Drone x3, Extractor x2  
  49  5:21  Drone x2  
  56  5:23  Drone  
  56  5:36  Zergling x12  
  56  5:51  Queen x2  
  56  5:52  Queen  
  57  6:05  Zergling x2  
  57  6:06  Zergling x10  
  60  6:16  Drone x2  
  60  6:17  Drone x2  
  60  6:18  Drone x2  
  63  6:21  Overlord x2  
  62  6:26  Queen  
  63  6:38  Overlord  
  63  6:39  Overlord  
  53  6:55  Roach x3  
  53  6:56  Roach x5  
  55  7:22  Queen x3  
  59  7:25  Drone  
  60  7:33  Drone  
  60  7:34  Drone x5  
  66  7:54  Hatchery  
  65  8:10  Zerg Missile Weapons Level 1  
  65  8:16  Drone  
  65  8:17  Drone x6  
  65  8:18  Drone x3  
  75  8:22  Glial Reconstitution  
  75  8:37  Extractor  
  74  8:52  Spine Crawler  
  74  8:55  Spine Crawler  
  72  8:58  Pneumatized Carapace  
  72  9:00  Overlord x2  
  72  9:05  Hatchery  
  71  9:11  Spire  
  71  9:13  Hydralisk Den  
  71  9:14  Ravager  
  71  9:16  Ravager x2  
  72  9:17  Ravager  
  72  9:22  Ravager  
  72  9:23  Ravager  
  75  9:32  Drone x2  
  75  9:33  Spore Crawler, Drone  
  75  9:34  Drone x3  
  80  9:42  Roach x3  
  80  9:43  Roach x3  
  77  10:29  Mutalisk  
  77  10:30  Mutalisk x7  
  77  10:33  Mutalisk  
  95  10:48  Drone  
  95  10:49  Drone x2  
  98  10:51  Drone x3  
  98  10:52  Overlord  
  101  11:10  Hatchery  
  70  11:21  Mutalisk x2  
  70  11:23  Zergling x10  
  70  11:24  Zergling x22  
  67  11:25  Zergling x2  
  67  11:27  Zergling x2  
  54  11:34  Queen  
  48  11:48  Mutalisk x2  
  43  11:57  Corruptor  
  39  12:03  Drone x2  
  40  12:11  Drone  
  40  12:12  Drone  
  40  12:14  Extractor  
  41  12:17  Mutalisk  
  43  12:29  Extractor  
  42  12:30  Extractor  
  42  12:33  Mutalisk  
  43  12:41  Roach x4  
  43  12:42  Drone  
  37  12:51  Roach x2  
  37  13:03  Roach  
Show
View Real Time Build Order
Export as new Build Order

FPlectroWeak Zerg 

Build Orders:  

Get SALT Encoding   

  12  0:01  SCV  
  13  0:13  SCV  
  14  0:21  Supply Depot  
  14  0:25  SCV  
  15  0:43  SCV  
  16  0:55  SCV  
  17  1:09  Command Center  
  17  1:12  Barracks  
  17  1:19  Refinery  
  17  1:21  SCV  
  18  1:33  SCV  
  19  1:45  SCV  
  20  1:57  SCV  
  21  2:10  Orbital Command, Refinery  
  21  2:12  Marine  
  22  2:21  Orbital Command  
  22  2:30  Marine, Factory  
  23  2:41  SCV  
  24  2:50  SCV  
  25  2:53  SCV  
  25  2:55  Barracks Reactor  
  26  3:01  Bunker  
  26  3:02  SCV  
  28  3:05  SCV  
  28  3:14  SCV  
  28  3:16  Hellion  
  28  3:17  SCV  
  32  3:22  Starport  
  32  3:26  SCV  
  33  3:29  SCV  
  33  3:33  Refinery  
  34  3:38  SCV  
  35  3:42  SCV  
  35  3:46  Barracks Tech Lab, Hellion  
  37  3:50  SCV  
  38  3:55  Supply Depot  
  38  3:56  SCV, Hellion  
  41  4:11  Command Center  
  41  4:13  SCV x2  
  43  4:17  Hellion  
  43  4:19  Banshee  
  43  4:21  Cloaking Field  
  48  4:26  Armory  
  48  4:27  SCV  
  48  4:30  SCV  
  50  4:33  Supply Depot  
  50  4:40  Hellion  
  52  4:50  Hellion  
  54  4:58  SCV x2  
  56  5:08  Banshee  
  56  5:10  SCV x2  
  61  5:22  SCV  
  61  5:23  SCV, Hellion  
  65  5:41  Orbital Command, Supply Depot  
  65  5:46  Refinery, Hellion  
  67  5:51  Hellion  
  69  5:57  Factory  
  69  5:58  Factory  
  69  6:00  Factory  
  72  6:07  Hellion  
  71  6:12  Hellion  
  64  6:36  Hellion  
  64  6:37  Command Center  
  62  6:46  Factory Tech Lab  
  59  6:47  Factory Reactor, Factory Tech Lab  
  58  7:00  Siege Tank  
  61  7:12  SCV x2  
  61  7:20  Siege Tank x2  
  71  7:24  Terran Vehicle Weapons Level 1  
  71  7:29  Armory  
  64  7:31  Supply Depot  
  64  7:32  Hellion  
  64  7:44  Liberator x2  
  60  7:52  Hellion  
  60  7:57  SCV x2  
  64  8:04  Factory Reactor  
  70  8:06  Supply Depot  
  70  8:09  SCV  
  70  8:10  SCV  
  72  8:21  Orbital Command  
  72  8:22  Terran Ship Weapons Level 1, SCV x2, Hellion  
  72  8:23  Hellion x2  
  80  8:27  Liberator x2, Supply Depot  
  80  8:32  Factory  
  80  8:33  Factory  
  80  8:34  SCV x2  
  79  8:44  Hellion x2  
  79  8:45  Hellion x2  
  79  8:46  SCV  
  79  8:47  Orbital Command  
  94  9:10  Liberator  
  94  9:14  Liberator  
  94  9:17  SCV  
  94  9:18  SCV x3  
  94  9:20  Factory Reactor, Factory Tech Lab  
  98  9:26  Siege Tank x2, Hellion x2  
  98  9:30  SCV x2  
  113  9:35  Terran Vehicle Weapons Level 2  
  114  9:51  Siege Tank x2, Hellion x2  
  122  9:52  Liberator  
  122  9:58  Hellion  
  118  10:06  Siege Tank, Hellion x2  
  121  10:09  Command Center  
  121  10:13  Command Center  
  118  10:20  Siege Tank  
  119  10:23  Terran Vehicle And Ship Armor Level 1, Engineering Bay  
  119  10:24  Hellion x2  
  123  10:30  Supply Depot  
  123  10:33  Supply Depot  
  123  10:34  Hellion x4  
  131  10:36  Supply Depot  
  131  10:47  Command Center  
  131  10:52  Hellion x2  
  131  10:55  Refinery  
  135  10:57  Supply Depot  
  135  10:59  Supply Depot  
  135  11:00  Refinery  
  135  11:01  Supply Depot  
  135  11:02  Thor  
  141  11:07  Missile Turret  
  141  11:11  Missile Turret  
  139  11:13  Missile Turret  
  128  11:20  Missile Turret  
  128  11:22  Missile Turret  
  117  11:25  Missile Turret  
  117  11:29  Planetary Fortress, Missile Turret  
  117  11:37  Missile Turret  
  115  11:40  Planetary Fortress  
  115  11:46  Missile Turret, SCV x3  
  109  11:52  Hellion  
  109  11:53  Hellion  
  101  11:56  Infernal Pre-Igniter  
  99  12:03  Refinery  
  99  12:06  Planetary Fortress  
  99  12:20  Siege Tank x2  
  99  12:21  Siege Tank, Starport  
  99  12:22  Hellion  
  110  12:24  Starport  
  110  12:25  Refinery  
  110  12:27  Liberator  
  110  12:35  Siege Tank  
  110  12:36  Hellion x2  
  120  12:52  Siege Tank  
  123  13:04  SCV  
  124  13:08  Refinery  
  124  13:09  Refinery  
  124  13:10  Hellbat  
  130  13:12  Starport Tech Lab  
  130  13:13  Starport Tech Lab  
  130  13:15  Starport Tech Lab  
  130  13:16  SCV, Starport Reactor  
Show
View Real Time Build Order
Export as new Build Order

Jhyrachy Terran 

Build Orders:  

Get SALT Encoding   

Show
View Real Time Build Order
Export as new Build Order

joonTerror Terran 

Build Orders:  

Get SALT Encoding   

Tags
 
Add a new tag
Caveats
  • Supply blocks, unpowered buildings, or Contaminate may cause inaccurate times.
  • Supply counts are checked every 10 seconds.